[Event "*** Titled Tuesday Blitz"]
[Site "Chess.com"]
[Date "2020.05.12"]
[Round "4"]
[White "Future2700"]
[Black "Gajuchess"]
[Result "1/2-1/2"]
[WhiteElo "2419"]
[BlackElo "2691"]
[TimeControl "180+1"]
[EndTime "10:38:19 PDT"]
[Termination "Game drawn by repetition"]

1. e4 c5 2. Nf3 d6 3. d4 cxd4 4. Nxd4 Nf6 5. Nc3 a6 6. g3 e6 7. Bg2 Bd7 8. O-O Nc6 9. Re1 Be7 10. a4 O-O 11. Nxc6 bxc6 12. a5 Rb8 13. b3 c5 14.
Be3 Qc8 15. Na4 Rd8 16. Nb6 Qc7 17. Nxd7 Nxd7 18. Qe2 Qc8 19. Bf1 Ra8 20. c3 Ne5 21. b4 cxb4 22. cxb4 Qb7 23. Bb6 Rdc8 24. Rac1 Bd8 25.
Rxc8 Qxc8 26. Bxd8 Qxd8 27. Rc1 g6 28. f4 Nd7 29. Rc6 Qb8 30. Rxa6 Rxa6 31. Qxa6 Qxb4 32. Qc8+ Nf8 33. a6 Qd4+ 34. Kg2 Qxe4+ 35. Kf2 Qd4+ 36. Ke1 Kg7 37. Qb7 Qa1+ 38. Kf2 Qd4+ 39. Ke1 Qc3+ 40.
Kf2 Qd4+ 41. Ke1 1/2-1/2

[Event "*** Titled Tuesday Blitz"]
[Site "Chess.com"]
[Date "2020.05.12"]
[Round "4"]
[White "valeriocarnicelli"]
[Black "Bubar"]
[Result "1-0"]
[WhiteElo "2535"]
[BlackElo "2328"]
[TimeControl "180+1"]
[EndTime "10:38:19 PDT"]
[Termination "valeriocarnicelli won by resignation"]

1. e4 e6 2. d4 d5 3. Nc3 Bb4 4. e5 c5 5. a3 Bxc3+ 6. bxc3 Ne7 7. Qg4 Qc7 8. Qxg7 Rg8 9. Qxh7 cxd4 10. Ne2 Nbc6 11.
f4 dxc3 12. Qd3 d4 13. Rb1 Bd7 14. Rg1 O-O-O 15. g4 Kb8 16. h4 Bc8 17. h5 b6 18.
h6 Bb7 19. h7 Rh8 20. Bg2 Ng6 21. Be4 Ngxe5 22. fxe5 Nxe5 23. Qg3 Bxe4 24. Bf4 f6 25. g5 Nf3+ 26. Qxf3 Bxf3 27. Bxc7+ Kxc7 28. g6 Be4 29. Nf4 Kd6 30. Rd1 e5 31. Nd3 Bxg6 32. Rxg6 Rdf8 33. Rg7 Ke6 34. Kf2 Rf7 35. Nf4+ Ke7 36.
Ng6+ Ke6 37. Rxf7 Kxf7 38. Nxh8+ Kg7 39. Ng6 Kxh7 40. Ne7 Kg7 41. Kf3 Kf7 42. Nf5 Ke6 43. Ke4 b5 44. Rh1 a5 45. Rh7 1-0

[Event "*** Titled Tuesday Blitz"]
[Site "Chess.com"]
[Date "2020.05.12"]
[Round "4"]
[White "Savva09022009"]
[Black "spela91"]
[Result "1-0"]
[WhiteElo "2390"]
[BlackElo "2089"]
[TimeControl "180+1"]
[EndTime "10:38:19 PDT"]
[Termination "Savva09022009 won by resignation"]

1. d4 d5 2. Nc3 Nf6 3. Bf4 c5 4. e3 a6 5. Nf3 Nc6 6. Bd3 Bg4 7. Be2 e6 8. O-O Be7 9. h3 Bh5 10. Ne5 Bxe2 11. Nxe2 O-O 12. c3 Rc8 13. Qb3 b5 14. a4 Na5 15. Qd1 b4 16. dxc5 bxc3 17. b4 Nc6 18. Nxc6 Rxc6 19. Nxc3 a5 20. b5 Rxc5 21.
Qb3 Qb6 22. Be5 Rc4 23. Ne2 Ne4 24. Rfd1 Rfc8 25. Nd4 Nc5 26. Qb2 Nxa4 27. Qd2 h6 28.
Nc6 Bf8 29. Rdb1 Nc5 30. Qxa5 Qxa5 31. Rxa5 Nd3 32. Bd4 Bc5 33. Bxc5 Rxc5 34. Ne7+ Kh7 35. Nxc8 Rxc8 36. b6 Rb8 37. b7 Kg6 38. Ra8 1-0

[Event "*** Titled Tuesday Blitz"]
[Site "Chess.com"]
[Date "2020.05.12"]
[Round "4"]
[White "VladimirBugayev"]
[Black "Nikithebest"]
[Result "0-1"]
[WhiteElo "2150"]
[BlackElo "2392"]
[TimeControl "180+1"]
[EndTime "10:38:20 PDT"]
[Termination "Nikithebest won by resignation"]

1. e4 c5 2. c3 Nf6 3. e5 Nd5 4. d4 cxd4 5. Nf3 Nc6 6. cxd4 d6 7. Bc4 dxe5 8. dxe5 Ndb4 9. Qxd8+ Nxd8 10. Na3 Bg4 11. Bd2 Ndc6 12. Ng5 e6 13. f4 Bf5 14. O-O h6 15.
Nf3 Bc5+ 16. Kh1 O-O 17. Rac1 Be7 18. h3 Rfd8 19. Bc3 Nd3 20. Bxd3 Bxd3 21. Nc2 Bxf1 22. Rxf1 Bc5 23. a3 a5 24. Nd2 b5 25.
Ne4 Be7 26. Ne3 b4 27. axb4 axb4 28. Bd2 Ra2 29. Nc4 Na5 30. Ned6 Bxd6 31. Nxa5 Bc5 32. Nc4 b3 33. Bc3 Bd4 34. Rd1 Bb6 35. Nd6 Ba5 36.
Bxa5 Rxa5 37. Rd3 Rb8 38. Rc3 Ra2 39. Nc4 Ra1+ 40. Kh2 Rc8 41. Kg3 Ra4 42. Nd2 Rxc3+ 43. bxc3 b2 44. Kf3 Ra1 0-1

[Event "*** Titled Tuesday Blitz"]
[Site "Chess.com"]
[Date "2020.05.12"]
[Round "4"]
[White "Keks2017"]
[Black "Boninknights"]
[Result "0-1"]
[WhiteElo "2452"]
[BlackElo "2253"]
[TimeControl "180+1"]
[EndTime "10:38:21 PDT"]
[Termination "Boninknights won by resignation"]

1. e4 Nc6 2. Nf3 d6 3. d4 Nf6 4. Nc3 g6 5. Be2 Bg7 6. O-O O-O 7. h3 e5 8. d5 Ne7 9. a4 Nh5 10. a5 a6 11. Bc4 h6 12. Nh2 Nf4 13. Ne2 f5 14.
Nxf4 exf4 15. exf5 Nxf5 16. c3 g5 17. Re1 Bd7 18.
Bd2 Qf6 19. Be2 Rae8 20. Bh5 Rxe1+ 21. Bxe1 Be8 22. Bd2 Qe5 23. Bxe8 Qxe8 24. Nf3 Qb5 25. Be1 Re8 26. b4 Qc4 27. Rc1 Bf6 28. Qd2 Re2 29.
Qd1 h5 30. Nh2 Nh4 31. Rc2 Qe4 32. f3 Qxc2 0-1

[Event "*** Titled Tuesday Blitz"]
[Site "Chess.com"]
[Date "2020.05.12"]
[Round "4"]
[White "nubair1198"]
[Black "Ceejay271"]
[Result "1/2-1/2"]
[WhiteElo "2692"]
[BlackElo "2357"]
[TimeControl "180+1"]
[EndTime "10:38:24 PDT"]
[Termination "Game drawn by repetition"]

1. Nf3 d5 2. d4 Nf6 3. c4 e6 4. Nc3 Nbd7 5. Bg5 Be7 6. e3 h6 7. Bh4 O-O 8. Rc1 c5 9. cxd5 Nxd5 10. Bxe7 Nxe7 11. dxc5 Nxc5 12. b4 Nd7 13. Be2 b6 14. O-O Bb7 15. Qa4 Nf6 16. Rfd1 Qb8 17. Rd4 Rc8 18. Qd1 Ned5 19. Nxd5 Bxd5 20. a3 Rxc1 21.
Qxc1 Qc8 22. Qb2 Qc7 23. Ba6 Rd8 24. Ne1 e5 25. Rd1 e4 26. Qd2 Ng4 27. g3 Ne5 28.
Be2 Rd7 29. Qc1 Qxc1 30. Rxc1 f5 31. Rd1 Be6 32. Rxd7 Bxd7 33. Nc2 Kf7 34. Nd4 g6 35. h4 h5 36. Kf1 Ke7 37. Ke1 Kd6 38. Kd2 Kd5 39.
Kc3 Be8 40. Ba6 Bd7 41. Be2 Be8 42. Kb3 Bd7 43. Kb2 Be8 44. Kc2 Ba4+ 45. Kd2 Bd7 46. Kc3 1/2-1/2

[Event "*** Titled Tuesday Blitz"]
[Site "Chess.com"]
[Date "2020.05.12"]
[Round "4"]
[White "vladislavkovalev"]
[Black "bascheyaro"]
[Result "1-0"]
[WhiteElo "2909"]
[BlackElo "2704"]
[TimeControl "180+1"]
[EndTime "10:38:25 PDT"]
[Termination "vladislavkovalev won by resignation"]

1. e4 e6 2. d4 d5 3. Bd3 c5 4. exd5 exd5 5. Nf3 c4 6. Be2 Bd6 7. b3 cxb3 8. axb3 Ne7 9. O-O O-O 10. Ba3 Bc7 11. Re1 Nbc6 12. c4 Re8 13. Nc3 Bg4 14. h3 Bh5 15. Qd2 a6 16. Rad1 Bg6 17. Bf1 Ba5 18.
Re3 Qd7 19. Rde1 h6 20. Ne5 Nxe5 21. Rxe5 Nc6 22. Rxe8+ Rxe8 23. Rxe8+ Qxe8 24. cxd5 Nb8 25. Bc5 Nd7 26. b4 Bd8 27. Qe3 Qxe3 28. fxe3 f5 29. Bd3 Kf7 30. Kf2 Nf6 31. Bd6 Ne8 32. Be5 Be7 33.
b5 a5 34. b6 Nd6 35. Na4 Nc8 36. Bc7 Bb4 37. Nc5 a4 38. Nxa4 Ba5 39. d6 Ke6 40.
Bc4+ Kd7 1-0

[Event "*** Titled Tuesday Blitz"]
[Site "Chess.com"]
[Date "2020.05.12"]
[Round "4"]
[White "VladDobrov"]
[Black "IriBu"]
[Result "1-0"]
[WhiteElo "2769"]
[BlackElo "2540"]
[TimeControl "180+1"]
[EndTime "10:38:25 PDT"]
[Termination "VladDobrov won by checkmate"]

1. d4 Nf6 2. c4 g6 3. g3 Bg7 4. Bg2 O-O 5. Nc3 d6 6. Nf3 c6 7.
O-O Bf5 8. Nh4 Be6 9. d5 cxd5 10. cxd5 Bd7 11. h3 Na6 12. Be3 Qa5 13. a3 Rfc8 14.
Rc1 Nc7 15. Bd4 Nb5 16. Nxb5 Bxb5 17. Rc3 Qa6 18. Re1 Rxc3 19. Bxc3 Rc8 20. Nf3 Bc4 21.
e4 Nd7 22. Bxg7 Kxg7 23. h4 Qb6 24. Bh3 Rc7 25. Bxd7 Rxd7 26. Qd2 Bb5 27. h5 f6 28.
Kg2 Rc7 29. hxg6 hxg6 30. Rh1 Rc8 31. Qh6+ Kf7 32. Qh7+ Ke8 33. Qxg6+ Kd7 34. Qf5+ Kc7 35.
Rc1+ Bc6 36. dxc6 bxc6 37. Qe6 Re8 38. b4 Qa6 39. Nd4 Qxa3 40. Rxc6+ Kb8 41. Qd7 Rg8 42.
Rc7 Rxg3+ 43. fxg3 Qb2+ 44. Kh3 Qxd4 45. Qc8# 1-0

[Event "*** Titled Tuesday Blitz"]
[Site "Chess.com"]
[Date "2020.05.12"]
[Round "4"]
[White "bilelou"]
[Black "bancsoo"]
[Result "0-1"]
[WhiteElo "2516"]
[BlackElo "2762"]
[TimeControl "180+1"]
[EndTime "10:38:25 PDT"]
[Termination "bancsoo won on time"]

1. e4 d5 2. exd5 Qxd5 3. Nf3 Bg4 4. Be2 Nc6 5. Nc3 Qd6 6. h3 Bh5 7. O-O O-O-O 8. Rb1 e5 9. d3 f5 10. b4 Nf6 11. b5 Bxf3 12. Bxf3 Nd4 13. Be3 g5 14. Bxg5 Rg8 15. Be3 Be7 16. a4 Rg6 17. Bxd4 Qxd4 18.
Ne2 Qh4 19. Ng3 Rg5 20. Qe2 Bd6 21. a5 Rdg8 22. b6 cxb6 23. axb6 a6 24. Bxb7+ Kxb7 25. Qf3+ e4 26. dxe4 Nxe4 27. Rfd1 Bxg3 28. Rd7+ Kb8 29. Ra7 Bxf2+ 30. Kh1 Rxg2 0-1

[Event "*** Titled Tuesday Blitz"]
[Site "Chess.com"]
[Date "2020.05.12"]
[Round "4"]
[White "Sashadav97"]
[Black "Moon_stone123"]
[Result "1-0"]
[WhiteElo "2769"]
[BlackElo "2513"]
[TimeControl "180+1"]
[EndTime "10:38:25 PDT"]
[Termination "Sashadav97 won by resignation"]

1. d4 Nf6 2. c4 g6 3. Nc3 Bg7 4. e4 d6 5. Be2 O-O 6. Be3 Na6 7. Nf3 e5 8. O-O c6 9. Re1 Nh5 10. Qd2 Bg4 11. Rad1 Qa5 12. h3 Bxf3 13. Bxf3 Nf6 14. d5 c5 15. a3 Nc7 16. Rb1 Qa6 17. Be2 b6 18. b4 Rfd8 19. Rb3 Rac8 20. bxc5 dxc5 21.
a4 Nce8 22. Bd3 Nd6 23. Qe2 h5 24. Ra1 Rb8 25. a5 bxa5 26. Rxb8 Rxb8 27. Bxc5 Rb3 28. Nb5 Nb7 29. Nc7 Nxc5 30. Nxa6 Nxd3 31. c5 Nf4 32. Qc2 Rd3 33. c6 Nxe4 34. c7 Rc3 35. Qxc3 1-0

[Event "*** Titled Tuesday Blitz"]
[Site "Chess.com"]
[Date "2020.05.12"]
[Round "4"]
[White "PotapovaM"]
[Black "NikolaGry"]
[Result "1-0"]
[WhiteElo "2413"]
[BlackElo "2623"]
[TimeControl "180+1"]
[EndTime "10:38:25 PDT"]
[Termination "PotapovaM won on time"]

1. d4 d5 2. c4 Nc6 3. cxd5 Qxd5 4. e3 e5 5. Nc3 Bb4 6. Bd2 Bxc3 7. bxc3 Qd6 8. Qb3 Nge7 9. Bd3 O-O 10. Ne2 Kh8 11. O-O Ng6 12. Ng3 f5 13. Rab1 f4 14. Ne4 Qd8 15.
Rbd1 f3 16. g3 Bf5 17. Rfe1 Nh4 18. Qxb7 Na5 19. Qb5 c6 20. Qxe5 Ng2 21. Rf1 Bg6 22. c4 Re8 23. Qxa5 Qd7 24. Ng5 Bxd3 25. Nxf3 Be4 26. Ng5 Qh3 27. Nxh3 1-0

[Event "*** Titled Tuesday Blitz"]
[Site "Chess.com"]
[Date "2020.05.12"]
[Round "4"]
[White "ljuks68"]
[Black "Ze-Pequeno"]
[Result "1-0"]
[WhiteElo "2378"]
[BlackElo "2020"]
[TimeControl "180+1"]
[EndTime "10:38:25 PDT"]
[Termination "ljuks68 won by resignation"]

1. e4 c5 2. Nf3 d6 3. d4 cxd4 4. Nxd4 Nf6 5. Nc3 a6 6. Bg5 e6 7. f4 Qb6 8. Nb3 h6 9. Bxf6 gxf6 10. Qf3 Nc6 11. O-O-O Bd7 12. Bd3 h5 13. Rhe1 O-O-O 14. Kb1 Kb8 15. Qh3 Rc8 16. Qh4 Bg7 17. f5 Ne5 18.
Be2 a5 19. a4 Rxc3 20. bxc3 Bxa4 21. Ka2 Rc8 22. Qg3 Bf8 23. Nd4 Qc5 24. Nb3 Qxc3 25. Qxc3 Rxc3 26. Kb2 Rc7 27. Nd4 Bd7 28. Bb5 Bc8 29. Kb3 Rc5 30. c4 Kc7 31. Re3 Kb6 32. Rb1 Be7 33. Rh3 Kc7 34. Rxh5 b6 35. Rh7 Nd3 1-0

[Event "*** Titled Tuesday Blitz"]
[Site "Chess.com"]
[Date "2020.05.12"]
[Round "4"]
[White "FelixJoseYnojosa"]
[Black "SGchess01"]
[Result "1-0"]
[WhiteElo "2614"]
[BlackElo "2762"]
[TimeControl "180+1"]
[EndTime "10:38:26 PDT"]
[Termination "FelixJoseYnojosa won by resignation"]

1. e4 g6 2. d4 Bg7 3. c4 d6 4. Nc3 Nc6 5. Nf3 Bg4 6. d5 Nd4 7. Be2 Bxf3 8. gxf3 c5 9. dxc6 bxc6 10. Be3 c5 11.
Qa4+ Qd7 12. Qxd7+ Kxd7 13. Rd1 e5 14. f4 exf4 15.
Bxf4 Ne7 16. b3 Nec6 17. O-O Rae8 18. Bg4+ f5 19. exf5 gxf5 20. Bh3 Be5 21. Bg3 Rhg8 22. Kh1 Kc7 23. Nd5+ Kb8 24. Bxe5 Rxe5 25. Rg1 Rg6 26. Nf4 Rh6 27. Rg8+ Kb7 28. Bg2 Rh4 29. Nd5 Rg4 30. Rh8 Rg7 31. b4 cxb4 32. Nxb4 Rge7 33. h4 f4 34. Rxd4 1-0

[Event "*** Titled Tuesday Blitz"]
[Site "Chess.com"]
[Date "2020.05.12"]
[Round "4"]
[White "nicolochessit"]
[Black "druskacik"]
[Result "1-0"]
[WhiteElo "2394"]
[BlackElo "2639"]
[TimeControl "180+1"]
[EndTime "10:38:26 PDT"]
[Termination "nicolochessit won by resignation"]

1. Nf3 d5 2. d4 e6 3. c4 Nf6 4. g3 dxc4 5. Bg2 a6 6. O-O Nc6 7. a4 Rb8 8. a5 b5 9. axb6 cxb6 10. Bf4 Bd6 11. Ne5 Ne7 12. Nc6 Qc7 13. Nxb8 Bxf4 14. Nxa6 Bxa6 15. Rxa6 Bd6 16. Qa4+ Nd7 17. Ra8+ Nc8 18.
Bc6 Ke7 19. Nc3 b5 20. Qxb5 Na7 21. Qg5+ Nf6 22. Rxh8 Nxc6 23. Qxg7 Nxd4 24. Rd1 e5 25. Qf8+ Ke6 26. Qc8+ Qxc8 27. Rxc8 Bb4 28. Kf1 Nd7 29. Rxc4 Bc5 30. e3 Nb3 31. Ne4 Be7 32. Rc6+ 1-0

[Event "*** Titled Tuesday Blitz"]
[Site "Chess.com"]
[Date "2020.05.12"]
[Round "4"]
[White "Ave_Mariia"]
[Black "SARGISMV"]
[Result "1-0"]
[WhiteElo "2256"]
[BlackElo "2417"]
[TimeControl "180+1"]
[EndTime "10:38:26 PDT"]
[Termination "Ave_Mariia won by checkmate"]

1. c4 Nf6 2. Nc3 g6 3. g3 Bg7 4. Bg2 O-O 5. e3 c5 6. Nge2 d6 7. O-O Nc6 8. b3 Bg4 9. h3 Bd7 10. Bb2 a6 11. d4 Qc8 12. Kh2 Rb8 13. Nd5 cxd4 14. Nxf6+ Bxf6 15. exd4 b5 16. Rc1 bxc4 17. Rxc4 Qe8 18. Re1 Nb4 19. Nf4 Bg7 20. Bc3 Nxa2 21. Ba5 Bb5 22. Rc2 g5 23. Nh5 Bh8 24. Rxa2 e6 25. f4 f5 26. fxg5 Qg6 27. Nf4 Qxg5 28. Nxe6 Qg6 29. Nxf8 Rxf8 30. Bd5+ Kg7 31. Re7+ Kh6 32.
Bd2+ f4 33. Bxf4+ Rxf4 34. gxf4 Bf6 35. Re6 Qf5 36. Qg4 Qxd5 37. Rxf6# 1-0

[Event "*** Titled Tuesday Blitz"]
[Site "Chess.com"]
[Date "2020.05.12"]
[Round "4"]
[White "Kate1606"]
[Black "Jenia84"]
[Result "1/2-1/2"]
[WhiteElo "2061"]
[BlackElo "2253"]
[TimeControl "180+1"]
[EndTime "10:38:26 PDT"]
[Termination "Game drawn by repetition"]

1. e4 e5 2. Nf3 Nc6 3. d4 exd4 4. Bc4 Bc5 5. c3 Nf6 6. cxd4 Bb4+ 7. Bd2 Bxd2+ 8.
Nbxd2 d5 9. exd5 Nxd5 10. Qb3 Nce7 11. O-O O-O 12. Rfe1 Be6 13. Ng5 Bf5 14. Rxe7 Qxe7 15. Nxf7 c6 16. Ne5 Rad8 17. Re1 Qh4 18. Ndf3 Qh5 19.
Qxb7 Kh8 20. Nxc6 Rd7 21. Qb3 Nf4 22. Nce5 Rdd8 23. Nf7+ Rxf7 24. Bxf7 Qg4 25. g3 Nh3+ 26. Kg2 Nf4+ 27. Kg1 Nh3+ 28. Kg2 Nf4+ 29. Kg1 1/2-1/2

[Event "*** Titled Tuesday Blitz"]
[Site "Chess.com"]
[Date "2020.05.12"]
[Round "4"]
[White "ZEN-22"]
[Black "Susal_De_Silva"]
[Result "1-0"]
[WhiteElo "2434"]
[BlackElo "2243"]
[TimeControl "180+1"]
[EndTime "10:38:27 PDT"]
[Termination "ZEN-22 won by resignation"]

1. e4 e5 2. Nc3 Nf6 3. f4 d5 4.
fxe5 Nxe4 5. Qf3 Nxc3 6. bxc3 Be6 7. Rb1 Nd7 8. d4 Nb6 9. Bd3 Qd7 10. a4 c6 11. Ne2 Nxa4 12. O-O Be7 13. Bd2 O-O 14. Nf4 g6 15. Nxe6 fxe6 16. Qg3 Kg7 17. h4 Rxf1+ 18.
Rxf1 Rf8 19. Ra1 Nb2 20. Rxa7 Nxd3 21. cxd3 c5 22. h5 cxd4 23. cxd4 Rf5 24. h6+ Kf7 25. Qe3 Qb5 26. g4 Bg5 27. Qe2 Qb1+ 28. Qe1 Qb6 29.
gxf5 Bxd2 30. fxg6+ hxg6 31. Qf2+ Ke7 32. Qf6+ Kd7 33.
Qf7+ Kc6 34. Qxe6+ Kb5 35. Qxd5+ 1-0

[Event "*** Titled Tuesday Blitz"]
[Site "Chess.com"]
[Date "2020.05.12"]
[Round "4"]
[White "grunbergmihai"]
[Black "beto-betun"]
[Result "1-0"]
[WhiteElo "2399"]
[BlackElo "2123"]
[TimeControl "180+1"]
[EndTime "10:38:27 PDT"]
[Termination "grunbergmihai won on time"]

1. e4 c5 2. Nf3 d6 3. Nc3 Nc6 4.
g3 g6 5. Bg2 Bg7 6. O-O e6 7.
d3 Nge7 8. Ne2 O-O 9. c3 Rb8 10.
a4 a6 11. d4 b5 12. axb5 axb5 13. h4 b4 14. h5 Qb6 15. h6 Bh8 16. Bg5 Re8 17.
Qd2 bxc3 18. bxc3 cxd4 19. cxd4 Qb4 20. Qe3 f6 21. Bh4 g5 22. Nxg5 fxg5 23. Qxg5+ Ng6 24. Nf4 Qb5 25. d5 Ne5 26. Nxe6 Bxe6 27. dxe6 Qb6 28. Kh1 Qd8 29. Qxd8 Rbxd8 30. Bxd8 Rxd8 31. Ra7 Bf6 32. f4 Nc6 33. Rc7 Nce7 34. Rd1 Nf8 35. e5 Nxe6 36. exf6 Nxc7 37. fxe7 Rd7 38. Bh3 Rxe7 39. Rxd6 Kf7 40. Bf5 1-0

[Event "*** Titled Tuesday Blitz"]
[Site "Chess.com"]
[Date "2020.05.12"]
[Round "4"]
[White "Lunow"]
[Black "miruna_daria28"]
[Result "0-1"]
[WhiteElo "2063"]
[BlackElo "2262"]
[TimeControl "180+1"]
[EndTime "10:38:27 PDT"]
[Termination "miruna_daria28 won on time"]

1. c4 Nf6 2. g3 e6 3. Bg2 c5 4. Nf3 Nc6 5. O-O Be7 6. Nc3 O-O 7. d4 cxd4 8. Nxd4 a6 9. b3 Qc7 10. Bb2 b6 11. Rc1 Bb7 12. Nd5 exd5 13. cxd5 Rac8 14.
Nf5 Bd8 15. Qd2 Qb8 16. dxc6 Bxc6 17. Qg5 g6 18. Nh6+ Kg7 19. Ng4 Bxg2 0-1

[Event "*** Titled Tuesday Blitz"]
[Site "Chess.com"]
[Date "2020.05.12"]
[Round "4"]
[White "floplover"]
[Black "fish7728"]
[Result "0-1"]
[WhiteElo "2229"]
[BlackElo "2051"]
[TimeControl "180+1"]
[EndTime "10:38:27 PDT"]
[Termination "fish7728 won on time"]

1. d4 d5 2. c4 c6 3. Nc3 Nf6 4. Nf3 e6 5. Bg5 h6 6. Bxf6 Qxf6 7. e3 g6 8. Be2 Bg7 9. O-O O-O 10. e4 dxe4 11. Nxe4 Qe7 12. c5 Nd7 13. Rc1 e5 14. d5 cxd5 15. Qxd5 Nf6 16. Nxf6+ Bxf6 17. Qe4 Bf5 18. Qa4 Rfd8 19. Rfd1 Rxd1+ 20. Bxd1 Rd8 21. Bb3 e4 22. Ne1 e3 23. Nf3 exf2+ 24. Kxf2 Bxb2 25. Rc4 Bd3 26. Rf4 Qxc5+ 27. Kg3 Bf5 28. h4 Be5 29. Nxe5 Qxe5 30. Qc4 Be6 0-1

[Event "*** Titled Tuesday Blitz"]
[Site "Chess.com"]
[Date "2020.05.12"]
[Round "4"]
[White "Enriquack"]
[Black "lupta_robin"]
[Result "0-1"]
[WhiteElo "2272"]
[BlackElo "2578"]
[TimeControl "180+1"]
[EndTime "10:38:28 PDT"]
[Termination "lupta_robin won by resignation"]

1. e4 g6 2. d4 Nf6 3. Nc3 d5 4. exd5 Nxd5 5. Ne4 Bg7 6. Nf3 Bg4 7. h3 Bxf3 8. Qxf3 O-O 9. c3 Nc6 10. Bb5 Na5 11.
O-O a6 12. Ba4 b5 13. Bc2 Nc4 14. Re1 h6 15. b3 Ncb6 16. Bb2 e6 17. Rad1 Qh4 18.
Bd3 e5 19. dxe5 Bxe5 20. Bf1 Rfe8 21. Nc5 Qf6 22. Qxf6 Bxf6 23. Ne4 Bg7 24. Ba1 f5 25. Nc5 Nxc3 26. Rxe8+ Rxe8 27. Rd3 b4 28. Nxa6 Nbd5 29. Nxb4 Nxb4 30. Rxc3 Bxc3 31. Bxc3 Nxa2 32. Bc4+ Kf8 33. Be5 Rxe5 0-1

[Event "*** Titled Tuesday Blitz"]
[Site "Chess.com"]
[Date "2020.05.12"]
[Round "4"]
[White "coalescenet"]
[Black "Zq1"]
[Result "1-0"]
[WhiteElo "2347"]
[BlackElo "2534"]
[TimeControl "180+1"]
[EndTime "10:38:28 PDT"]
[Termination "coalescenet won on time"]

1. d4 Nf6 2. c4 a6 3. Nf3 c5 4. d5 b5 5. Bg5 g6 6. Nbd2 Bg7 7. e4 O-O 8. Bd3 d6 9. O-O h6 10. Bxf6 Bxf6 11. Qc2 Nd7 12. cxb5 axb5 13. Bxb5 Ba6 14.
Bxa6 Rxa6 15. a4 Qb6 16. Nc4 Qb4 17. Ne1 Rb8 18. Ra3 Ne5 19. Nxe5 Bxe5 20. Nd3 Qxe4 21.
Re1 Qf5 22. Qe2 Bf6 23. b3 Rab6 24. Nc1 Rb4 25. a5 Ra8 26. a6 Rb6 27. Nd3 Qxd5 28.
Nf4 Qc6 29. a7 Rb7 30. Ra6 Qb5 31. Qxb5 Rxb5 32. Nd5 Kg7 33. Nxe7 Bxe7 34. Rxe7 Rxb3 35. g3 d5 36. Rc7 c4 37. Rd6 Ra3 38. Rdd7 Rf8 39.
Rxd5 c3 40. Rdd7 Kf6 41. Kg2 Ke6 42. Re7+ Kf6 43. Re3 1-0

[Event "*** Titled Tuesday Blitz"]
[Site "Chess.com"]
[Date "2020.05.12"]
[Round "4"]
[White "Ginzburg_Yakov"]
[Black "Gandrade2"]
[Result "1-0"]
[WhiteElo "2389"]
[BlackElo "2055"]
[TimeControl "180+1"]
[EndTime "10:38:28 PDT"]
[Termination "Ginzburg_Yakov won by resignation"]

1. e4 c6 2. d4 d5 3. e5 Bf5 4.
Nf3 e6 5. Be2 Nd7 6. O-O Bg6 7.
c3 Nh6 8. Ne1 c5 9. Nd3 cxd4 10.
cxd4 Nf5 11. Nf4 Qb6 12. Kh1 Be7 13. Nc3 a6 14. Be3 O-O 15. Qd2 Nxe3 16. fxe3 Rac8 17.
Rac1 Bb4 18. a3 Bxc3 19. Rxc3 Qa5 20. Rfc1 Nb6 21. b4 Qa4 22. h4 Qd7 23. Nxg6 hxg6 24.
Qc2 Rxc3 25. Qxc3 Rc8 26. Qd2 Rxc1+ 27. Qxc1 Kf8 28. g3 Ke7 29. Qc5+ Ke8 30. Qxb6 Qe7 31. Qc5 Qd8 32. a4 g5 33. h5 f5 34. b5 f4 35.
bxa6 fxg3 36. axb7 Qa5 37. Qxa5 1-0

[Event "*** Titled Tuesday Blitz"]
[Site "Chess.com"]
[Date "2020.05.12"]
[Round "4"]
[White "1f3_2g41-0"]
[Black "pfalcon1949"]
[Result "1/2-1/2"]
[WhiteElo "2296"]
[BlackElo "1994"]
[TimeControl "180+1"]
[EndTime "10:38:28 PDT"]
[Termination "Game drawn by agreement"]

1. e4 e6 2. d4 d5 3. Nc3 Bb4 4.
exd5 exd5 5. Bd3 Ne7 6. Nf3 Be6 7. O-O O-O 8. Ng5 h6 9. Nxe6 fxe6 10. Qg4 Kh8 11.
Qxe6 Rf6 12. Qh3 Nbc6 13. Be3 Qf8 14. Bg5 Nxd4 15. Bxf6 Qxf6 16. a3 Bd6 17. Rae1 c6 18. Ne2 Ne6 19. c3 Rf8 20. g3 Ng5 21. Qg2 Nf3+ 22.
Kh1 Nxe1 23. Rxe1 Qxf2 24. Qxf2 Rxf2 25. Kg1 Rf3 26. Bc2 g5 27. Kg2 Rf6 28. Nd4 Kg7 29.
Ne6+ Kg8 30. Nd8 b6 31. Nb7 Kf7 32. Nd8+ Ke8 33. Ne6 Kd7 34. Bd1 c5 35. Bg4 Kc6 36. Nd8+ Kc7 37. Ne6+ Kc6 38. Nd8+ Kc7 1/2-1/2

[Event "*** Titled Tuesday Blitz"]
[Site "Chess.com"]
[Date "2020.05.12"]
[Round "4"]
[White "chesslh19"]
[Black "jtayar88"]
[Result "0-1"]
[WhiteElo "2200"]
[BlackElo "2563"]
[TimeControl "180+1"]
[EndTime "10:38:29 PDT"]
[Termination "jtayar88 won by resignation"]

1. e4 c5 2. Nf3 d6 3. d4 Nf6 4. Nc3 cxd4 5. Nxd4 a6 6. Be2 e6 7. O-O b5 8. Bf3 Nfd7 9. Re1 Qc7 10. g3 Bb7 11.
Bg2 Be7 12. Be3 O-O 13. a4 b4 14.
Na2 Ne5 15. Nxb4 Nc4 16. Bc1 Nd7 17. Nd3 Rac8 18. b3 Nce5 19. Bb2 Bf6 20. c4 Nxd3 21. Qxd3 Nc5 22. Qe3 Qb6 23. a5 Qc7 24. b4 Nd7 25. Rac1 Ba8 26. Ba3 Rfd8 27. Red1 Ne5 28. c5 dxc5 29. Rxc5 Qb8 30. Rxc8 Qxc8 31. Rc1 Qd7 32.
Bf1 Ng4 33. Qd2 Bxd4 34. b5 Bxf2+ 35. Qxf2 Nxf2 0-1

[Event "*** Titled Tuesday Blitz"]
[Site "Chess.com"]
[Date "2020.05.12"]
[Round "4"]
[White "BikingBrian"]
[Black "Bossche-CM"]
[Result "0-1"]
[WhiteElo "2247"]
[BlackElo "2438"]
[TimeControl "180+1"]
[EndTime "10:38:29 PDT"]
[Termination "Bossche-CM won by resignation"]

1. d4 Nf6 2. Bg5 c5 3. Nc3 cxd4 4. Qxd4 Nc6 5. Qh4 e6 6. e4 Be7 7. f4 Qb6 8. O-O-O Qe3+ 9. Kb1 Nxe4 10. Nxe4 Qxe4 11.
Bd3 Qxg2 12. Nh3 f6 13. Rhg1 Qf3 14. Rdf1 Qd5 15. Bxh7 Kd8 16. Rd1 Qa5 17. Bh6 gxh6 18. Rg8+ Rxg8 19. Bxg8 Kc7 20. Qxh6 b6 21. Qg7 Ba6 22.
f5 Qxf5 23. Ng1 Qg5 24. Qxg5 fxg5 25. Bh7 Rh8 26. Be4 Rxh2 27. Nf3 Re2 28. Bxc6 dxc6 29.
Nd4 Re5 30. Nf3 Rf5 31. Nd4 Rf6 32. b3 Bc5 0-1

[Event "*** Titled Tuesday Blitz"]
[Site "Chess.com"]
[Date "2020.05.12"]
[Round "4"]
[White "dopolian"]
[Black "chessplayer9919"]
[Result "0-1"]
[WhiteElo "2306"]
[BlackElo "2481"]
[TimeControl "180+1"]
[EndTime "10:38:30 PDT"]
[Termination "chessplayer9919 won by checkmate"]

1. e4 c6 2. Nc3 d5 3. Nf3 dxe4 4. Nxe4 Nf6 5. Nxf6+ exf6 6. d4 Bd6 7. Be3 O-O 8.
Qd2 Qc7 9. Bd3 Re8 10. O-O-O Nd7 11. g4 Nb6 12. g5 Nd5 13. gxf6 Nxe3 14. fxe3 g6 15.
Rde1 c5 16. dxc5 Qxc5 17. e4 Bg4 18. Rhf1 Rad8 19. Qg2 Qh5 20. Kb1 Bh3 21. Qf2 Bxf1 22. Rxf1 Qc5 23. Qh4 h5 24. Rg1 Be5 25. Qg5 Qb6 26.
Nxe5 Rxe5 27. Qg3 Qxf6 28. Rf1 Qxf1+ 29. Bxf1 Rd1# 0-1

[Event "*** Titled Tuesday Blitz"]
[Site "Chess.com"]
[Date "2020.05.12"]
[Round "4"]
[White "PenguinPacks"]
[Black "petrkostenko"]
[Result "0-1"]
[WhiteElo "2290"]
[BlackElo "2463"]
[TimeControl "180+1"]
[EndTime "10:38:30 PDT"]
[Termination "petrkostenko won on time"]

1. e4 c6 2. Nc3 d5 3. d4 dxe4 4.
Nxe4 Bf5 5. Ng3 Bg6 6. h4 h6 7. Nh3 e6 8. Nf4 Bh7 9. Bc4 Nf6 10. Qe2 Nd5 11. c3 Be7 12. Ngh5 Rg8 13. Nxd5 cxd5 14. Bb5+ Nc6 15. Rh3 Qb6 16. a4 a6 17. Bd3 Bxd3 18. Qxd3 O-O-O 19. Qh7 Na5 20. b4 Nb3 21. Rb1 Nxc1 22.
Rxc1 Qc7 23. Rf3 Bxb4 24. Qb1 Ba5 25. Nf4 Kb8 26. Nd3 Ka7 27. Nc5 Rc8 28. Ke2 Bb6 29. Nd3 Qc4 0-1